 Dungeon Crawl Stone Soup version 0.27-a0-650-g8dd3ea4f36 (webtiles) character file.

Game seed: 16886293258585316137

2 Anon1729 the Grasshopper (level 1, -4/18 HPs)
             Began as a Palentonga Warper on Mar 15, 2021.
             Slain by a goblin
             ... wielding a +2 dagger of electrocution
              (14 damage)
             ... on level 1 of the Dungeon.
             The game lasted 00:00:22 (87 turns).

Anon1729 the Grasshopper (Palentonga Warper)          Turns: 87, Time: 00:00:23

Health: -4/18      AC:  4    Str: 14    XL:     1   Next: 25%
Magic:  3/3        EV:  9    Int: 13    God:
Gold:   0          SH:  0    Dex:  9    Spells: 4/4 levels left

rFire    . . .     SeeInvis +   a - +0 mace
rCold    . . .     Faith    .   (no shield)
rNeg     . . .     Spirit   .   b - +0 leather armour
rPois    .         Reflect  .   (no helmet)
rElec    .         Harm     .   (no cloak)
rCorr    .         Rampage  .   (no gloves)
Will     .....                  (no barding)
Stlth    +.........             (no amulet)
HPRegen  0.06/turn              (no ring)
MPRegen  0.08/turn              (no ring)

@: no status effects
A: large, rugged brown scales 3, see invisible, deformed body, roll 1, armoured
tail
a: Rolling Charge


You were on level 1 of the Dungeon.
You visited 1 branch of the dungeon, and saw 1 of its levels.

Inventory:

Hand Weapons
 a - a +0 mace (weapon)
Missiles
 e - 4 boomerangs of dispersal
Armour
 b - a +0 leather armour (worn)
Scrolls
 d - a scroll of blinking
Potions
 c - a potion of lignification {unknown}


   Skills:
 - Level 2.0 Fighting
 + Level 2.0 Maces & Flails
 - Level 0.6 Throwing
 - Level 0.7 Armour
 - Level 1.5 Dodging
 - Level 2.0 Spellcasting
 - Level 3.0 Translocations


You had 4 spell levels left.
You didn't know any spells.
Your spell library contained the following spells:

 Spells                   Type           Power      Damage    Failure   Level
 Blink                    Tloc           N/A        N/A       14%         2
 Gell's Gravitas          Tloc           4%         N/A       28%         3
 Lesser Beckoning         Tloc           4%         N/A       28%         3
 Teleport Other           Tloc           9%         N/A       28%         3
 Manifold Assault         Tloc           9%         N/A       67%         4


Dungeon Overview and Level Annotations

Branches:
Dungeon (1/15)

Altars:


Innate Abilities, Weirdness & Mutations

You are completely covered in rugged brown scales. (AC +3, +7% HP)
You have supernaturally acute eyesight. (SInv)
Armour fits poorly on your strangely shaped body.
You can roll at nearby foes to attack.
You have a long armoured tail.


Message History

There is an open door here.
There is an open door here.
You open the large door.
There is a large open door here.
A leopard gecko comes into view.
The leopard gecko hisses angrily.
A leopard gecko is nearby!
You throw a boomerang of dispersal.
The boomerang of dispersal barely misses the leopard gecko.
The boomerang of dispersal hits the plant.
The plant begins to die.
The plant is lightly damaged.
You roll forward with a clatter of scales!
You hit the leopard gecko but do no damage.
You hear a shout!
The leopard gecko bites you. x2
You hit the leopard gecko but do no damage.
Your tail-slap misses the leopard gecko.
A nearby plant withers and dies.
The leopard gecko bites you but does no damage.
The leopard gecko barely misses you.
You hit the leopard gecko.
You kill the leopard gecko!
No target in view!
A goblin comes into view.
It is wielding a +2 dagger of electrocution.
A goblin is nearby!
A goblin is nearby!
The goblin shouts!
There's nothing you can charge at!
Okay, then.
Roll where?
Press: ? - help, Dir - move target, f - goblin
Aim: a goblin, wielding a +2 dagger of electrocution You roll forward with a clatter of scales!
You hit the goblin.
The goblin is moderately wounded.
The goblin hits you with a +2 dagger of electrocution. x2
You are electrocuted!
Ouch! That really hurt!
You die...

#..........#
#+##...P##'#
##''##P.#
#....#.♣P#
#####...P#######
P..............#
..♣..P♣○..P♣....
P......☼..♣......
♣♣....♣@....♣P.##
......gP...?....#
.........#.......
####.#.#....####
.....###..#
###... ..# ... .#
#... .#


You could see a goblin.

Vanquished Creatures
  A leopard gecko (D:1)
1 creature vanquished.

Vanquished Creatures (others)
  A plant (D:1)
1 creature vanquished.

Grand Total: 2 creatures vanquished

Notes
Turn   | Place    | Note
-------+----------+-------------------------------------------
     0 | D:1      | Anon1729 the Palentonga Warper began the quest for the Orb.
     0 | D:1      | Reached XP level 1. HP: 18/18 MP: 3/3
    87 | D:1      | Slain by a goblin

Illustrated notes

Levels and vault maps discovered:
D:1:      denvon_arrival_planthouse, layout_loops_ring, st_stairs_9

Action                   || total
-------------------------++-------
Melee: Mace              ||     4
Throw: Boomerang         ||     1
 Abil: Rolling Charge    ||     2
Armor: Leather armour    ||     1
Dodge: Dodged            ||     1

Table legend: (Time is in decaauts)
 A = Elapsed time spent in this place.
 B = Non-inter-level travel time spent in this place.
 C = Inter-level travel time spent in this place.
 D = Time resting spent in this place.
 E = Time spent auto-exploring this place.
 F = Levels seen in this place.
 G = Mean time per level.
                   A        B        C        D        E       F      G
               +--------+--------+--------+--------+--------+-----+--------+
         Total |     88 |     88 |      0 |      0 |     73 |   1 |   88.0 |
       Dungeon |     88 |     88 |      0 |      0 |     73 |   1 |   88.0 |
               +--------+--------+--------+--------+--------+-----+--------+

Top non-repeatable levels by time:
     D:1: 88 daAuts
